AoeStats
← MZTK | GaboxNet .i.

Arabia

506779966Analyzed
1v1 RM · 17d ago on Sep 15, 2026· 70m 58s· 2 players
Game mode
Random Map
Map size
Tiny (2 player)
Population
200
Speed
Normal
Resources
Standard
Victory
Conquest
Starting age
Dark Age
Ending age
Imperial Age
RankedLock teamsTeams togetherTeam positionsShared explorationLock speedFull tech treeHidden civsTurbo modeCheats
Victory
Defeat
🇲🇽 Ethiopians · Mexico
1188
+15
🇨🇴 Aztecs · Colombia
1157
-15
VLC | Fundador
7:16 Loom
9:58 Feudal Age
10:16 Man-at-Arms
17:10 Double-Bit Axe
18:16 Fletching
18:50 Scale Mail Armor
20:38 Horse Collar
24:17 Castle Age
22:53 Forging
23:04 Gold Mining
23:52 Padded Archer Armor
24:34 Eagle Warrior
25:15 Squires
25:11 Elite Skirmisher
27:46 Bodkin Arrow
29:47 Pikeman
33:06 Leather Archer Armor
33:52 Bow Saw
34:22 Stone Mining
37:22 Chain Mail Armor
37:42 Iron Casting
38:27 Wheelbarrow
37:39 Town Watch
39:06 Fervor
41:11 Sanctity
42:11 Hand Cart
41:57 Town Patrol
43:34 Gambesons
43:34 Gambesons
47:21 Imperial Age
49:02 Atlatl
50:20 Onager
53:04 Conscription
54:21 Chemistry
53:17 Murder Holes
53:27 Siege Engineers
56:24 Siege Engineers
56:20 Bracer
71:45 Stone Shaft Mining
71:46 Gold Shaft Mining
MZTK | GaboxNet .i.
2:09 Loom
10:14 Feudal Age
13:44 Fletching
17:21 Double-Bit Axe
23:03 Castle Age
22:36 Gold Mining
23:44 Padded Archer Armor
23:18 Crossbowman
24:27 Bow Saw
25:14 Bodkin Arrow
33:08 Wheelbarrow
33:49 Scale Barding Armor
34:58 Forging
34:48 Horse Collar
35:59 Husbandry
37:38 Chain Barding Armor
39:59 Light Cavalry
41:41 Iron Casting
50:45 Leather Archer Armor
58:20 Imperial Age
57:54 Hand Cart
60:09 Blast Furnace
59:51 Ring Archer Armor
61:39 Hussar
64:46 Bracer
67:03 Heavy Plow
68:12 Arbalester
70:39 Capped Ram
Connection lost

Rejoining the realm…

Still unreachable

The connection could not be restored.

Session expired

The server has moved on; the page needs a fresh start.